 Dungeon Sprint DCSS version 0.29-a0-330-g52719c12eb (webtiles) character file.

Game seed: 5210652803490842391

147 jt the Unseen (level 5, -24/42 HPs)
             Began as a Naga Enchanter on Apr 28, 2022.
             Was an Initiate of Okawaru.
             Killed from afar by an oklob sapling wizard (26 damage)
             ... with a splash of acid
             ... in the Dungeon (Sprint IV: "Fedhas' Mad Dash").
             The game lasted 00:00:40 (73 turns).

jt the Unseen (Naga Enchanter)                        Turns: 73, Time: 00:00:40

Health: -24/42     AC: -1    Str: 11    XL:     5   Next: 29%
Magic:  8/8        EV: 10    Int: 15    God:    Okawaru [......]
Gold:   42         SH:  0    Dex: 13    Spells: 8/8 levels left

rFire   . . .      SeeInvis +   a - +1 dagger
rCold   . . .      Faith    .   (no shield)
rNeg    . . .      Spirit   .   b - +0 robe
rPois   +          Reflect  .   (no helmet)
rElec   .          Harm     .   (no cloak)
rCorr   .          Rampage  .   (no gloves)
Will    .....      NoTele   +   (no barding)
Stlth   ++++++....              k - amulet of invisibility {+Inv}
HPRegen 0.14/turn               (no ring)
MPRegen 0.11/turn               (no ring)

@: corroded, very slightly contaminated, very slow
A: AC +1, large, see invisible, deformed body, poison resistance, slowness 2,
spit poison 1, naga tail 1
a: Spit Poison, Renounce Religion, Evoke Invisibility


You were in the Dungeon.
You worshipped Okawaru.
Okawaru was noncommittal.
You visited 1 branch You collected 42 gold pieces.

Inventory:

Hand Weapons
 a - a +1 dagger (weapon)
Missiles
 j - 15 stones
Armour
 b - a +0 robe (worn)
Jewellery
 k - the amulet of invisibility (around neck) {+Inv}
   (You found it in the Dungeon)

   [amulet of nothing]

   +Inv:      It lets you turn invisible.
Scrolls
 i - a scroll of blinking
Potions
 c - 2 potions of invisibility
 d - a potion of curing
 e - a potion of heal wounds
 f - a potion of haste
 g - 2 potions of magic
 h - 2 potions of berserk rage


   Skills:
 - Level 1.0 Short Blades
 - Level 1.5 Dodging
 + Level 15.9 Stealth
 - Level 2.0 Spellcasting
 - Level 3.0 Hexes


You had 8 spell levels left.
You didn't know any spells.
Your spell library contained the following spells:

 Spells                   Type           Power      Damage    Failure   Level
 Ensorcelled Hibernation  Hex/Ice        12%        N/A       19%         2
 Confusing Touch          Hex            10%        N/A       19%         3
 Dazzling Flash           Conj/Hex       12%        N/A       34%         3
 Tukima's Dance           Hex            Unusable   N/A       N/A         3

Dungeon Overview and Level Annotations

Branches:
Dungeon (1/1)

Altars:
Cheibriados
Dithmenos
Elyvilon
Gozag
Hepliaklqana
Kikubaaqudgha
Makhleb
Nemelex Xobeh
Okawaru
Qazlal
Ru
Sif Muna
Trog
Uskayaw
Vehumet
Wu Jian
Xom
Yredelemnul
Zin
The Shining One
Beogh
Jiyva
Lugonu

Annotations:
D exclusion: oklob sapling


Innate Abilities, Weirdness & Mutations

Your serpentine skin is tough. (AC +1)
You have supernaturally acute eyesight. (SInv)
Armour fits poorly on your strangely shaped body.
Your system is resistant to poisons. (rPois)
You cover ground very slowly.
You can spit poison.
You have a snake-like lower body.


Message History

Found four altars.
Marking area around an oklob sapling priest as unsafe for travelling.
There is an open door here.
Found three altars.
Found two altars.
Found three altars.
There is an opulent altar of Gozag here.
Found a corrupted altar of Lugonu and a radiant altar of Vehumet.
There is a hazy altar of Hepliaklqana here.
The helpless oklob sapling priest fails to defend itself.
You perforate the oklob sapling priest like a sieve!!!
You destroy the oklob sapling priest!
You flicker for a moment.
Your Stealth skill increases to level 15!
You have reached level 5!
There is a viscous altar of Jiyva here.
There is an iron altar of Okawaru here.
You coil in front of the altar of Okawaru.
Okawaru welcomes you!
You flicker back into view.
There is a stormy altar of Qazlal here.
You open the door.
An oklob sapling wizard comes into view.
Marking area around an oklob sapling wizard as unsafe for travelling.
Found a cloak and a flail.
There is an open door here.
The oklob sapling wizard spits acid at you.
The splash of acid hits you!!
Ouch! That really hurt!
* * * LOW HITPOINT WARNING * * *
The acid corrodes you!
You are too injured to fight recklessly!
The oklob sapling wizard casts a spell at you.
The magic dart hits you!
* * * LOW HITPOINT WARNING * * *
There is an open door here.
The oklob sapling wizard spits acid at you.
The splash of acid hits you!!
Ouch! That really hurt!
You die...

#####################
...#.⌠._._._._.⌠@#.[+
...'.._._._._._..'.P#
†..#..._._._._...#..#
#+##.._._._._._..#.)#
#._._._._._.⌠.####
###############


You could see an oklob sapling wizard.

Vanquished Creatures
  A scorpion (D)
  2 oklob saplings (D)
  A river rat (D)
  A rat (D)
5 creatures vanquished.

Notes
Turn   | Place    | Note
-------+----------+-------------------------------------------
     0 | D        | jt the Naga Enchanter began the quest for the Orb.
     0 | D        | Reached XP level 1. HP: 15/15 MP: 3/3
    13 | D        | Reached skill level 7 in Stealth
    13 | D        | Reached XP level 2. HP: 22/22 MP: 5/5
    18 | D        | Reached skill level 8 in Stealth
    26 | D        | Noticed an oklob sapling
    27 | D        | Killed an oklob sapling
    28 | D        | Reached skill level 10 in Stealth
    28 | D        | Reached XP level 3. HP: 27/28 MP: 6/6
    29 | D        | Noticed a scorpion
    29 | D        | Found the amulet of invisibility {+Inv}
    31 | D        | Killed a scorpion
    32 | D        | Reached skill level 14 in Stealth
    32 | D        | Reached XP level 4. HP: 35/36 MP: 7/7
    52 | D        | Found an opulent altar of Gozag.
    52 | D        | Found a hazy altar of Hepliaklqana.
    52 | D        | Found a burning altar of Makhleb.
    52 | D        | Found a sparkling altar of Nemelex Xobeh.
    52 | D        | Found a sacrificial altar of Ru.
    52 | D        | Found a shimmering blue altar of Sif Muna.
    52 | D        | Found an ornate altar of the Wu Jian Council.
    52 | D        | Found a shimmering altar of Xom.
    52 | D        | Found a basalt altar of Yredelemnul.
    53 | D        | Found a viscous altar of Jiyva.
    53 | D        | Found a snail-covered altar of Cheibriados.
    53 | D        | Found a bloodstained altar of Trog.
    53 | D        | Noticed an oklob sapling priest
    54 | D        | Found an iron altar of Okawaru.
    54 | D        | Found a shadowy altar of Dithmenos.
    54 | D        | Found a glowing silver altar of Zin.
    55 | D        | Found an ancient bone altar of Kikubaaqudgha.
    55 | D        | Found a hide-covered altar of Uskayaw.
    56 | D        | Found a stormy altar of Qazlal.
    56 | D        | Found a white marble altar of Elyvilon.
    56 | D        | Found a glowing golden altar of the Shining One.
    57 | D        | Found a corrupted altar of Lugonu.
    57 | D        | Found a radiant altar of Vehumet.
    60 | D        | Killed an oklob sapling priest
    61 | D        | Reached skill level 15 in Stealth
    61 | D        | Reached XP level 5. HP: 42/42 MP: 6/8
    63 | D        | Became a worshipper of Warmaster Okawaru
    72 | D        | HP: 1/42 [oklob sapling wizard/magic dart (10)]
    73 | D        | Killed from afar by an oklob sapling wizard

Illustrated notes

Levels and vault maps discovered:
D:        dungeon_sprint_fedhas [sprint_temple]

Skill      XL: |  1  2  3  4 |
---------------+-------------+-----
Stealth        | 7 10 14 15 | 15.9
Short Blades   | |  1.0
Dodging        | |  1.5
Spellcasting   | |  2.0
Hexes          | |  3.0

Action                   |  1- 3 |  4- 6 || total
-------------------------+-------+-------++-------
Melee: Dagger            |     7 |     1 ||     8
 Abil: Spit Poison       |     2 |       ||     2
       Evoke Invisibilit |       |     1 ||     1
 Stab: Sleeping          |     2 |     1 ||     3
Armor: Robe              |     1 |       ||     1
Dodge: Dodged            |     2 |       ||     2

Table legend: (Time is in decaauts)
 A = Elapsed time spent in this place.
 B = Non-inter-level travel time spent in this place.
 C = Inter-level travel time spent in this place.
 D = Time resting spent in this place.
 E = Time spent auto-exploring this place.
 F = Levels seen in this place.
 G = Mean time per level.
                   A        B        C        D        E       F      G
               +--------+--------+--------+--------+--------+-----+--------+
         Total |     87 |     87 |      0 |      5 |      0 |   1 |   87.0 |
       Dungeon |     87 |     87 |      0 |      5 |      0 |   1 |   87.0 |
               +--------+--------+--------+--------+--------+-----+--------+

Top non-repeatable levels by time:
       D: 87 daAuts
